 Dungeon Crawl Stone Soup version 0.25-a0-670-g50981ef (webtiles) character file.

Game seed: 15833293244884732907, levelgen mode: deterministic

2 rageheart7 the Grave Robber (level 1, 0/13 HPs)
             Began as a Demonspawn Wanderer on Mar 29, 2020.
             Slain by a hobgoblin (2 damage)
             ... on level 1 of the Dungeon.
             The game lasted 00:01:16 (84 turns).

rageheart7 the Grave Robber (Demonspawn Wanderer)     Turns: 84, Time: 00:01:17

Health: 0/13       AC:  3    Str: 10    XL:     1   Next: 25%
Magic:  1/4        EV: 11    Int: 15    God:
Gold:   40         SH:  0    Dex: 12    Spells: 3/6 levels left

rFire    . . .     SeeInvis .   a - +0 dagger
rCold    . . .     Gourm    .   (no shield)
rNeg     . . .     Faith    .   d - +0 robe
rPois    .         Spirit   .   (no helmet)
rElec    .         Reflect  .   (no cloak)
rCorr    .         Harm     .   (no gloves)
MR       .....                  e - +0 pair of boots
Stlth    ++........             (no amulet)
HPRegen  0.04/turn              (no ring)
MPRegen  0.09/turn              (no ring)

@: no status effects
A: no striking features
a: no special abilities


You were on level 1 of the Dungeon.
You were not hungry.

You visited 1 branch of the dungeon, and saw 1 of its levels.

You collected 40 gold pieces.

Inventory:

Hand Weapons
 a - a +0 dagger (weapon)
Armour
 d - a +0 robe (worn)
 e - a +0 pair of boots (worn)
Scrolls
 b - a scroll of identify {unknown}
Potions
 c - a potion of curing
Comestibles
 f - a ration


   Skills:
 - Level 1.0 Stealth
   Level 1.0 Shields
 * Level 3.1 Spellcasting
 - Level 3.2 Necromancy
   Level 1.7 Fire Magic


You had 3 spell levels left.
You knew the following spells:

 Your Spells              Type           Power        Failure   Level  Hunger
a - Pain                  Necr           ##..         5%          1    #......
b - Animate Skeleton      Necr           N/A          5%          1    #......
c - Freeze                Ice            #...         21%         1    #......

Your spell library contained the following spells:

 Spells                   Type           Power        Failure   Level  Hunger
 Vampiric Draining        Necr           ##........   16%         3    ###....
 Ozocubu's Armour         Chrm/Ice       #.......     52%         3    ###....
 Animate Dead             Necr           N/A          45%         4    #####..
 Agony                    Necr           ##......     82%         5    ######.


Dungeon Overview and Level Annotations

Branches:
Dungeon (1/15)

Altars:


Message History

Press: ? - help, Shift-Dir - straight line, f - hobgoblin
Aim: a hobgoblin (chance to defeat MR: 82%)
The hobgoblin barely resists.
The hobgoblin hits you.
Your frilled lizard skeleton bites the hobgoblin but does no damage.
You hit the hobgoblin.
The hobgoblin is moderately wounded.
The hobgoblin closely misses you.
You hit the hobgoblin but do no damage.
The hobgoblin is moderately wounded.
The hobgoblin hits you.
* * * LOW HITPOINT WARNING * * *
Your frilled lizard skeleton bites the hobgoblin but does no damage.
You closely miss the hobgoblin.
The hobgoblin is moderately wounded.
The hobgoblin misses you.
You closely miss the hobgoblin.
The hobgoblin is moderately wounded.
Your frilled lizard skeleton misses the hobgoblin.
The hobgoblin hits you.
You die...

####.#####..
#...........
#.........$.
#...........
#...........
######........... .
#................ ..
#..............# #.#
#.@gZ.....##..## #.#
#.........# #.#
###.####.........# ..#
#................####.##
#......................+
#........#####.######.##
#........#####.#
#........##....#
#........##'####


You could see a hobgoblin and a friendly frilled lizard skeleton.

Vanquished Creatures
  A hobgoblin (D:1)
  A frilled lizard (D:1)
2 creatures vanquished.

Notes
Turn   | Place    | Note
-------+----------+-------------------------------------------
     0 | D:1      | rageheart7 the Demonspawn Wanderer began the quest for the
                  | Orb.
     0 | D:1      | rageheart7 set off with the following items: a +0 dagger, a
                  | potion of curing, a +0 robe, a ration; and the following
                  | spells available to memorise: Animate Skeleton, Pain,
                  | Vampiric Draining, Freeze, Animate Dead, Ozocubu's Armour,
                  | Agony
     0 | D:1      | Reached XP level 1. HP: 13/13 MP: 4/4
     2 | D:1      | Learned a level 1 spell: Pain
     4 | D:1      | Learned a level 1 spell: Animate Skeleton
     6 | D:1      | Learned a level 1 spell: Freeze
    84 | D:1      | Slain by a hobgoblin

Levels and vault maps discovered:
D:1:      dpeg_arrival_tiny_h, layout_basic

Action                   || total
-------------------------++-------
Melee: Dagger            ||     7
 Cast: Pain              ||     4
       Animate Skeleton  ||     1
Armor: Robe              ||     3
Dodge: Dodged            ||     3

Table legend:
 A = Non-vault XP
 B = Vault XP
 C = Vault XP percentage of total XP
 D = Non-vault monster count
 E = Vault monster count
 F = Vault count percentage of total count
                 A         B        C        D         E       F
            +---------+---------+-------+---------+---------+-------
      Total |       3 |       0 |   0.0 |       2 |       0 |   0.0
            +---------+---------+-------+---------+---------+-------
        D:1 |       3 |       0 |   0.0 |       2 |       0 |   0.0
            +---------+---------+-------+---------+---------+-------
